Unix NetHack Version 3.7.0-89 Work-in-progress - last build Sep 7 2023 15:16:41 (8494bff02b67719303c47e298deaa89034127798,branch:master). Game began 2023-09-21 15:56:07, ended 2023-09-22 16:35:54. Merlek, lawful female human Valkyrie 45 55--------- |.......|5 4 |.......| ----- |...@@..| |... |...x...| --- --..--------- | |.AAB...| | . .-- --...|.......| |5 ----.---- .| .....---[...|.......| 5 |.....3@......| .. .[ .%).)......_...| ---....@....--- .....%.---.../|)......| -----@----- ......-- --...|.......| 5.5.4 --.---- --..--------- 4 4.. -------...- |... 4... |.......... ----- ... -......... ..% -... ..... -|----......... ............ ---------- Merlek the Warrior St:25 Dx:18 Co:18 In:13 Wi:18 Ch:15 Lawful Astral Plane $:0 HP:183(183) Pw:21(21) AC:-40 Xp:16/353776 T:37966 Latest messages: The magic missile hits the priest of Odin! The magic missile misses Michael the Slayer. The magic missile misses the Angel of Loki. The magic missile hits the vampire bat! The magic missile hits you! But it reflects from your armor! ceiling hider hiding without ceiling (fmon) Program in disorder! (Saving and reloading may fix this problem.) Please report these messages to devteam@nethack.org. Alternatively, contact local support: Contact K2 or Tangles on Libera irc channel #hardfought The vampire bat misses the xan. The vampire bat misses the xan. The xan misses the Angel of Tyr. The xan turns to flee. ceiling hider hiding without ceiling (fmon) Program in disorder! (Saving and reloading may fix this problem.) Please report these messages to devteam@nethack.org. Alternatively, contact local support: Contact K2 or Tangles on Libera irc channel #hardfought Michael the Slayer swings his two-handed sword at it. Michael the Slayer hits it. Michael the Slayer swings his two-handed sword at it. Michael the Slayer hits it. The vampire bat misses the xan. The vampire bat misses the xan. The xan stings the vampire bat. The vampire bat misses the xan. The vampire bat misses the xan. The priest of Odin swings his mace at it. The priest of Odin hits it. The priest of Odin hits it. The priest of Loki swings his mace at the priest of Odin. The priest of Loki hits the priest of Odin. The priest of Loki hits the priest of Odin. ceiling hider hiding without ceiling (fmon) Program in disorder! (Saving and reloading may fix this problem.) Please report these messages to devteam@nethack.org. Alternatively, contact local support: Contact K2 or Tangles on Libera irc channel #hardfought There is a high altar to Tyr (lawful) here. ceiling hider hiding without ceiling (fmon) Program in disorder! (Saving and reloading may fix this problem.) Please report these messages to devteam@nethack.org. Alternatively, contact local support: Contact K2 or Tangles on Libera irc channel #hardfought # What do you want to sacrifice? [L or ?*] You offer the Amulet of Yendor to Tyr... An invisible choir sings, and you are bathed in radiance... The voice of Tyr rings out: "Mortal, thou hast done well!" "In return for thy service, I grant thee the gift of Immortality!" You ascend to the status of Demigoddess... Do you want your possessions identified? [ynq] (n) Inventory: Amulets U - an uncursed greased amulet of flying K - an uncursed amulet of life saving (being worn) Weapons a - the uncursed rustproof +5 Mjollnir (weapon in hand) Armor Y - a blessed +5 helm of caution (being worn) O - an uncursed rustproof +5 pair of gauntlets of power (being worn) s - a blessed fireproof +4 pair of speed boots (being worn) c - a blessed +5 small shield (being worn) R - a blessed burnt +3 cloak of magic resistance (being worn) Z - a blessed greased +5 silver dragon scale mail (being worn) Comestibles A - an uncursed lizard corpse Scrolls J - a blessed scroll of magic mapping P - an uncursed scroll of teleportation Spellbooks n - the uncursed Book of the Dead Rings E - an uncursed ring of conflict (on left hand) G - an uncursed ring of free action (on right hand) r - an uncursed ring of shock resistance Wands Q - an uncursed wand of cancellation (0:7) q - an uncursed wand of cancellation (0:4) y - an uncursed wand of death (2:6) T - an uncursed wand of digging (0:2) o - an uncursed wand of magic missile (0:4) u - an uncursed wand of striking (0:3) N - an uncursed wand of teleportation (0:5) M - an uncursed wand of undead turning (0:6) Tools I - a blessed bag of holding containing 55 items j - an empty uncursed sack w - an uncursed bugle B - the uncursed Bell of Opening (0:2) X - an uncursed blindfold l - an uncursed brass lantern v - the uncursed Candelabrum of Invocation (5 of 7 candles attached) i - an uncursed magic marker (1:3) C - the blessed Orb of Fate (0:5) x - an uncursed +0 pick-axe named protection 10 k - an uncursed skeleton key named all resistances h - a blessed +0 unicorn horn Contents of the bag of holding: an uncursed amulet of flying a blessed +3 elven dagger the uncursed rustproof +0 Magicbane the blessed rustproof +3 Excalibur an uncursed +0 oilskin cloak an uncursed clove of garlic an uncursed eucalyptus leaf 7 uncursed K-rations 3 uncursed lembas wafers an uncursed tin of acid blob an uncursed lizard corpse 9 blessed scrolls of blank paper 4 cursed scrolls of blank paper an uncursed scroll of create monster 3 uncursed scrolls of earth 2 blessed scrolls of enchant armor an uncursed scroll of fire a blessed scroll of gold detection 3 blessed scrolls of identify 2 blessed scrolls of remove curse an uncursed scroll of remove curse an uncursed potion of acid 6 potions of holy water a potion of unholy water a blessed potion of full healing 2 blessed potions of levitation 2 blessed potions of object detection 2 blessed potions of restore ability an uncursed ring of free action an uncursed ring of levitation an uncursed ring of polymorph control an uncursed ring of regeneration an uncursed ring of slow digestion an uncursed ring of sustain ability an uncursed ring of teleport control an uncursed wand of cold (0:6) an uncursed wand of death (1:8) an uncursed wand of digging (0:1) an uncursed wand of digging (0:7) an uncursed wand of enlightenment (0:12) a blessed wand of fire (0:5) an uncursed wand of lightning (0:7) an uncursed wand of magic missile (0:6) an uncursed wand of polymorph (0:6) an uncursed wand of polymorph (0:3) an uncursed wand of polymorph (0:1) a cursed wand of sleep (0:4) a blessed wand of striking (0:1) an uncursed wand of striking (0:4) an uncursed wand of teleportation (0:6) an uncursed wand of teleportation (0:5) an uncursed wand of teleportation (0:4) an uncursed wand of teleportation (0:4) an uncursed wand of wishing (0:1) an uncursed wooden flute named cold fire tele sleep poison disint Merlek the Valkyrie's attributes: Background: You were a Warrior, a level 16 human Valkyrie. You were lawful, on a mission for Tyr who was opposed by Odin (neutral) and Loki (chaotic). You were in the endgame, on the Astral Plane. You entered the dungeon 37966 turns ago. You had 353776 experience points, 286224 more were needed to attain level 17. Basics: You had all 183 hit points. You had all 21 energy points (spell power). Your armor class was -40. Your wallet was empty. Autopickup was on for '"?!=/' plus thrown, with exceptions. Final Characteristics: Your strength was 25 (base:17, peak:18/01, innate limit:18/100). Your dexterity was 18 (limit:18). Your constitution was 18 (limit:18). Your intelligence was 13 (limit:18). Your wisdom was 18 (limit:18). Your charisma was 15 (limit:18). Final Status: You were not hungry. You were unencumbered. You were wielding a hammer. You had expert skill with hammer. Final Attributes: You were piously aligned. You were magic-protected. You were fire resistant. You were cold resistant. You were sleep resistant. You were disintegration resistant. You were shock resistant. You were poison resistant. You saw invisible. You were telepathic. You were warned. You were stealthy. You caused conflict. You had a moderate defense bonus (+10). You were warded. You took half physical damage. You took half spell damage. You were very fast. You had reflection. You had free action. Your life would have been saved. You were lucky. You had extra luck. Good luck did not time out for you. You survived. Miscellaneous: You encountered 1 bones level. Total elapsed playing time was 7 hours, 6 minutes and 6 seconds. Major events: Turn 1: Merlek the lawful human Valkyrie entered the dungeon 482: entered the Gnomish Mines 1666: attained the rank of Skirmisher (level 3) 2442: reached Mine Town 2924: attained the rank of Fighter (level 6) 3436: read a Discworld novel 6408: entered Sokoban 6673: completed 1st Sokoban level 7151: completed 2nd Sokoban level 7443: completed 3rd Sokoban level 8236: completed 4th Sokoban level 8873: acquired the Sokoban bag of holding 10945: was bestowed with Mjollnir by Tyr 11362: entered the Bigroom 11830: attained the rank of Woman-at-arms (level 10) 14891: destroyed lurchy's ghost, the former Magician 14977: found Magicbane carried by a monster 18169: acquired the Mines' End luckstone 19470: found Demonbane carried by a monster 25058: made her first wish - "blessed fixed greased +2 silver dragon scale mail", got "a greased silver dragon scale mail" 25370: wished for "blessed greased amulet of flying", got "a greased oval amulet" 25551: killed Medusa 25851: has been given Excalibur, and now enjoys supreme executive power 26692: performed her first genocide (class L) 26999: entered Gehennom 27728: attained the rank of Warrior (level 14) 29386: found the Orb of Fate on the floor 29411: killed Lord Surtur 29412: acquired the Bell of Opening 30907: killed Juiblex 31049: bribed Asmodeus with 209 zorkmids for safe passage 31205: bribed Baalzebub with 472 zorkmids for safe passage 31375: killed Orcus 31796: destroyed Vlad the Impaler 31802: acquired the Candelabrum of Invocation 35200: killed the Wizard of Yendor 35200: acquired the Book of the Dead 35367: performed the invocation 35497: killed the Wizard of Yendor (2nd time) 35781: killed the Wizard of Yendor (3rd time) 35798: killed the high priestess of Moloch 35805: acquired The Amulet of Yendor 37354: killed the Wizard of Yendor (5th time) 37543: entered the Elemental Planes 37543: entered Plane of Earth 37609: entered Plane of Air 37754: entered Plane of Fire 37806: entered Plane of Water 37809: genocided class ; 37903: entered the Astral Plane 37926: Pestilence has been killed 37956: killed Death 37966: ascended Vanquished creatures: Orcus Juiblex the Wizard of Yendor (7 times) Death Pestilence Vlad the Impaler a high cleric Medusa 13 krakens 2 iron golems 4 storm giants a balrog 4 purple worms a gray dragon a silver dragon 3 red dragons 2 white dragons an orange dragon 4 black dragons 3 blue dragons a yellow dragon 13 minotaurs 2 jabberwocks Lord Surtur 5 baluchitheria 6 Angels a stone golem 3 master mind flayers 4 Olog-hai 2 Nazgul 2 pit fiends 5 sandestins 2 hell hounds 3 displacer beasts 4 titanotheres 4 trappers a baby black dragon 5 genetic engineers 4 disenchanters 19 vampire leaders 4 skeletons 16 aligned clerics 7 captains 6 shades 2 liches 2 water trolls a clay golem 9 nurses 5 ice devils 2 nalfeshnees 4 lurkers above a frost giant 3 ettins 2 black puddings 31 vampires 7 lieutenants 26 ghosts 2 winged gargoyles 5 mind flayers 8 giant mimics 5 long worms 7 zruties 26 fire giants 7 ogre tyrants 5 ice trolls 25 rock trolls 8 umber hulks 4 flesh golems 5 elven monarchs 4 hezrous 7 bone devils 3 large mimics a wumpus 5 fire vortices a couatl 13 stalkers 17 air elementals 6 fire elementals 6 earth elementals 9 water elementals 3 hill giants 7 giant mummies 6 xorns 25 giant zombies 8 elf-nobles 26 sergeants 7 barbed devils 4 vrocks 2 salamanders 8 wargs a winter wolf 3 hell hound pups 12 small mimics 3 glass piercers 5 warhorses 9 steam vortices 13 xans 8 ettin mummies 5 ogre leaders 10 quantum mechanics 19 trolls 2 sasquatches a wood golem 3 erinyes 5 mariliths 7 sharks 8 electric eels 6 gelatinous cubes 3 pyrolisks 4 large dogs 2 freezing spheres 3 flaming spheres a shocking sphere 5 tigers 4 gargoyles 5 ochre jellies 6 leocrottas 6 energy vortices 2 mountain centaurs 3 stone giants 4 elf mummies 2 human mummies 3 red nagas 3 pythons 4 pit vipers 3 cobras 46 wraiths 3 carnivorous apes 21 ettin zombies 3 leather golems 18 Grey-elves 71 soldiers 6 amorous demons 13 horned devils 2 chameleons 3 crocodiles 16 giant beetles 3 quivering blobs 47 cockatrices 15 wolves 14 winter wolf cubs 3 lynxes 5 panthers 23 gremlins 3 spotted jellies 48 leprechauns 5 orc-captains 2 iron piercers 4 mumakil 10 giant spiders 2 scorpions 8 horses 3 ice vortices 3 black lights 6 vampire bats 4 forest centaurs 6 gnome rulers an orc mummy 4 dwarf mummies 14 ogres 4 brown puddings 12 rust monsters 16 owlbears 4 yetis a gold golem 3 werewolves 9 Green-elves 5 piranha 12 giant eels 16 lizards a chickatrice 3 dingoes 3 dogs 4 housecats 7 jaguars 3 gray unicorns 3 black unicorns 3 dust vortices 6 ravens 4 plains centaurs 5 gnome mummies 6 snakes 4 apes 23 human zombies a rope golem 3 Woodland-elves 23 soldier ants 57 fire ants 9 bugbears 4 imps 8 quasits a wood nymph 8 water nymphs 2 mountain nymphs 29 Mordor orcs 7 Uruk-hai an orc shaman 9 rock piercers 3 rock moles 9 ponies 5 fog clouds 11 yellow lights 2 shriekers 4 violet fungi 24 gnome leaders 13 gnomish wizards 2 kobold mummies a red naga hatchling a black naga hatchling a guardian naga hatchling a gray ooze 5 barrow wights 26 elf zombies 11 ghouls 3 straw golems 2 paper golems 5 jellyfish 17 giant ants 4 little dogs 5 floating eyes a kitten 7 dwarves 5 homunculi 2 kobold leaders 2 kobold shamans 5 hill orcs 12 rothes 2 rabid rats 3 centipedes 7 giant bats 2 monkeys 8 orc zombies 20 dwarf zombies a wererat a werejackal 8 iguanas 16 killer bees 6 acid blobs 6 coyotes 2 gas spores 3 hobbits 4 manes 4 large kobolds 17 hobgoblins 5 giant rats 6 cave spiders 3 yellow molds 4 green molds 76 gnomes 17 garter snakes 15 gnome zombies 9 geckos 7 jackals 2 kobolds 3 goblins 4 grid bugs 5 bats 14 lichens 15 kobold zombies 7 newts 1971 creatures vanquished. Genocided or extinct species: arch-liches krakens master liches demiliches liches erinyes (extinct) sharks electric eels piranha giant eels jellyfish 10 species genocided. 1 species extinct. Voluntary challenges: You read items or engraved 112 times. You never engraved Elbereth. You genocided 10 types of monsters. You never changed form. You used 2 wishes. You did not wish for any artifacts. You violated the special Sokoban rules twice. Achievements: You entered the Gnomish Mines. You attained the rank of Skirmisher. You entered Minetown. You entered a shop. You entered a temple. You attained the rank of Fighter. You read from a Discworld novel. You entered Sokoban. You completed Sokoban. You entered the Big Room. You attained the rank of Woman-at-arms. You completed the Gnomish Mines. You learned the tune to open and close the Castle's drawbridge. You defeated Medusa. You entered Gehennom. You attained the rank of Warrior. You had the Bell of Opening. You had the Candelabrum of Invocation. You had the Book of the Dead. You gained access to Moloch's Sanctum. You reached the Elemental Planes. You reached the Astral Plane. You delivered the Amulet of Yendor. You ascended! The Elemental Planes: Astral Plane: <- You are here. Some temples. Plane of Water: Plane of Fire: Plane of Air: Plane of Earth: The Dungeons of Doom: levels 1 to 26 Level 1: One way stairs up to The Elemental Planes. Level 2: Stairs down to The Gnomish Mines. Level 3: Level 4: "vault" Level 5: Level 6: "scroll 3 ashpd in shop" A scroll shop, a fountain, a grave. Level 7: Many fountains. Level 8: "vault" Stairs up to Sokoban, level 7. Level 9: A fountain, a sink. Level 10: A bookstore, an altar to Tyr, a fountain, a sink. Level 11: "3.4k" Level 12: A very big room. Level 13: "long-sword" Many fountains. Level 14: A fountain. Portal to The Quest. Level 15: "katana" A grave. Level 16: "vault" A fountain. Level 17: A primitive area. Level 18: An altar to Tyr. Level 19: A grave. Final resting place for lurchy-Wiz-Elf-Mal-Cha, killed by a bolt of lightning zapped by a sergeant. Level 20: A fountain. Level 21: A sink. Level 22: Many altars. Level 23: A fountain. Level 24: "vault" A sink. Level 25: "MEDUSA" Level 26: A fountain. The castle (play notes "BEFDF" to open or close drawbridge). Gehennom: levels 27 to 47 Level 27: A temple, many graves. Valley of the Dead. Level 28: Level 29: Level 30: "juiblex - killed" Level 31: "asmo - bribed" Level 32: "baal - bribed" Level 33: Level 34: Level 35: Level 36: "ORCUSTOWN" Some shops, an altar, many graves. Level 37: Level 38: "Vlad - Done" Stairs up to Vlad's Tower, level 37. Level 39: Level 40: Level 41: Level 42: Level 43: Level 44: "fake tower" Level 45: "tower" Level 46: Level 47: A temple, many graves. Moloch's Sanctum. The Gnomish Mines: levels 3 to 11 Level 3: Level 4: Level 5: Many shops, a temple, some fountains. Level 6: Level 7: Level 8: Level 9: Level 10: "saddle" Level 11: The Quest: levels 1 to 5 Level 1: A fountain. Completed quest for the Norn. Level 2: Level 3: Level 4: Level 5: Sokoban: levels 7 up to 4 Level 4: "saddle" Solved. Level 5: Solved. Level 6: Solved. Level 7: Solved. Vlad's Tower: levels 37 up to 35 Level 35: Level 36: Level 37: Farvel Merlek the Demigoddess... You went to your reward with 2249562 points, Mjollnir (worth 4000 zorkmids and 10000 points) The Book of the Dead (worth 10000 zorkmids and 25000 points) The Candelabrum of Invocation (worth 5000 zorkmids and 12500 points) The Bell of Opening (worth 5000 zorkmids and 12500 points) The Orb of Fate (worth 3500 zorkmids and 8750 points) Excalibur (worth 4000 zorkmids and 10000 points) Magicbane (worth 3500 zorkmids and 8750 points) and 0 pieces of gold, after 37966 moves. You were level 16 with a maximum of 183 hit points when you ascended.